 Dungeon Crawl Stone Soup version 0.23.0 (webtiles) character file.

Game seed: 15514954243484926908

118 LabCoat the Chopper (level 5, -20/46 HPs)
             Began as a Hill Orc Fighter on Feb 12, 2019.
             Blown up by Ijyb (21 damage)
             ... with a wand of disintegration (2)
             ... on level 3 of the Dungeon.
             The game lasted 00:11:51 (2618 turns).

LabCoat the Chopper (Hill Orc Fighter)              Turns: 2618, Time: 00:11:51

Health: -20/46     AC: 13    Str: 19    XL:     5   Next: 2%
Magic:  5/5        EV:  3    Int: 13    God:
Gold:   162        SH: 10    Dex: 11    Spells: 4/4 levels left

rFire    . . .     SeeInvis .   a - +0 war axe
rCold    . . .     Gourm    .   c - +1 shield
rNeg     . . .     Faith    .   m - +0 plate armour
rPois    .         Spirit   .   p - +0 helmet
rElec    .         Reflect  .   (no cloak)
rCorr    .         Harm     .   i - +0 pair of gloves
MR       .....                  (no boots)
Stlth    ..........             (no amulet)
HPRegen  0.15/turn              (no ring)
MPRegen  0.09/turn              (no ring)

@: brilliant, flying, drained
A: no striking features
a: no special abilities


You were on level 3 of the Dungeon.
You were not hungry.

You visited 1 branch of the dungeon, and saw 3 of its levels.

You collected 162 gold pieces.

Inventory:

Hand Weapons
 a - a +0 war axe (weapon)
 b - a +0 flail
Missiles
 j - 25 bolts
 k - 77 sling bullets
 o - 4 javelins (quivered)
Armour
 c - a +1 shield (worn)
 i - a +0 pair of gloves (worn)
 m - a +0 plate armour (worn)
 p - a +0 helmet (worn)
Jewellery
 r - an uncursed ring of ice {unknown}
Scrolls
 g - a scroll of identify
Potions
 d - 2 potions of might
 e - 2 potions of resistance
 h - a potion of cancellation
Comestibles
 f - 7 rations
 n - a chunk of flesh


   Skills:
 + Level 4.1(3.3) Fighting
 * Level 4.9(4.0) Axes
 + Level 3.8(3.0) Armour
 + Level 4.1(3.2) Shields


You had 4 spell levels left.
You didn't know any spells.
Your spell library contained the following spells:

 Spells                   Type           Power        Failure   Level  Hunger
 Confusing Touch          Hex            #.....       97%         1    ##.....
 Confuse                  Hex            #.......     100%        3    ####...
 Gell's Gravitas          Tloc           #.........   100%        3    ####...
 Petrify                  Tmut/Erth      #.......     100%        4    #####..
 Metabolic Englaciation   Hex/Ice        #.........   100%        5    ######.
 Yara's Violent Unravell  Hex/Tmut       #.........   100%        5    ######.


Dungeon Overview and Level Annotations

Branches:
Dungeon (3/15)

Altars:

Annotations:
D:3 Ijyb


Message History

* * * LOW HITPOINT WARNING * * *
Okay, then.
As you read the scroll labeled HITIEM WODITSOBIM, it crumbles to dust.
You feel aware of your surroundings.
It was a scroll of magic mapping.
Ijyb barely misses you.
It was a potion of flight.
You feel very buoyant.
You fly up into the air.
Ijyb hits you but does no damage.
It was a potion of brilliance.
You feel clever all of a sudden. Ijyb hits you but does no damage.
You closely miss Ijyb.
Ijyb is lightly wounded.
Ijyb screams, "Me kill you!"
Ijyb zaps a wand.
You are blasted!
* * * LOW HITPOINT WARNING * * *
You hit Ijyb.
Ijyb is heavily wounded.
Ijyb zaps a wand.
You barely resist.
Ijyb zaps a wand.
You are blasted!
You die...

#......รท#..#......##.#.#
###+##
#.......'..######....#.#
#....# #.......#.## #.##.#.#
#....# .....#+##.#
#.##.#.#####....# ####.#.##.#
#..............#* ........#.#
######.#.#######.# ####.#....#
#................#
#.#.########.####.#..#####..#
#............@g.#.#..# #..##
###.########.##.#.#.######....
#!# #..,,.............. #.#
#..*,#.#.#######.## #.#
#...,#.#,* #.# #.# ##.#**.#,*
#.# #.# *..,,,*,* #.# #.#
*******,* #.# #.# *,* #.#


You could see Ijyb.

Vanquished Creatures
  Robin (D:3)
  A gnoll (D:3)
  2 adders (D:2)
  A worm (D:3)
  A leopard gecko (D:2)
  An orc (D:3)
  5 giant cockroaches
  13 goblins
  9 hobgoblins
  7 jackals
  A quokka (D:2)
  A ball python (D:3)
  6 bats
  11 kobolds
  8 rats
68 creatures vanquished.

Notes
Turn   | Place    | Note
-------+----------+-------------------------------------------
     0 | D:1      | LabCoat the Hill Orc Fighter began the quest for the Orb.
     0 | D:1      | Reached XP level 1. HP: 19/19 MP: 1/1
   223 | D:1      | Reached XP level 2. HP: 27/27 MP: 2/2
   853 | D:2      | Reached XP level 3. HP: 7/33 MP: 3/3
  1866 | D:3      | Reached XP level 4. HP: 40/40 MP: 4/4
  1995 | D:3      | Noticed Robin
  2018 | D:3      | Killed Robin
  2514 | D:3      | Reached XP level 5. HP: 44/46 MP: 5/5
  2606 | D:3      | Noticed Ijyb
  2617 | D:3      | HP: 1/46 [disintegration (3)]
  2618 | D:3      | Blown up by Ijyb

Skill      XL: |  1  2  3  4 |
---------------+-------------+-----
Axes           | 3 4 |  4.9
Fighting       | 4 |  4.1
Shields        | 4 |  4.1
Armour         | |  3.8

Action                   |  1- 3 |  4- 6 || total
-------------------------+-------+-------++-------
Melee: War axe           |   147 |   126 ||   273
  Use: Scroll            |     4 |     5 ||     9
       Potion            |     1 |     2 ||     3
  Eat: Chunk             |     3 |     3 ||     6
Armor: Scale mail        |    19 |       ||    19
       Plate armour      |    89 |    71 ||   160
Dodge: Dodged            |    34 |    18 ||    52
Block: Shield            |    89 |    69 ||   158
